 Dungeon Crawl Stone Soup version 0.23.2 (webtiles) character file.

Game seed: 11988460522149964642

901 DrKleor the Ducker (level 8, 0/55 HPs)
             Began as an Octopode Gladiator on Apr 4, 2019.
             Was a Follower of Okawaru.
             Slain by a hound (5 damage)
             ... on level 5 of the Dungeon.
             The game lasted 00:09:53 (4354 turns).

DrKleor the Ducker (Octopode Gladiator)             Turns: 4354, Time: 00:09:54

Health: 0/55       AC:  1    Str: 13    XL:     8   Next: 7%
Magic:  17/17      EV: 17    Int: 11    God:    Okawaru [*.....]
Gold:   266        SH:  8    Dex: 15    Spells: 7/7 levels left

rFire    . . .     SeeInvis .   w - +6 flail of the Briny Deep {flame, rPois MP+9}
rCold    . . .     Gourm    .   y - +0 shield
rNeg     . . .     Faith    .   b - +0 hat
rPois    +         Spirit   .   g - amulet of magic regeneration
rElec    .         Reflect  .   p - +3 ring of evasion (curse)
rCorr    .         Harm     .   (no ring)
MR       .....                  (no ring)
Stlth    ++........             (no ring)
HPRegen  0.18/turn              (no ring)
MPRegen  0.40/turn              (no ring)
                                (no ring)
                                (no ring)

@: marked
A: almost no armour, stealthy swim, amphibious, 8 rings, constrict 8, camouflage
1, gelatinous body 1
a: Heroism, Renounce Religion


You were on level 5 of the Dungeon.
You worshipped Okawaru.
Okawaru was aware of your devotion.
You were not hungry.

You visited 1 branch of the dungeon, and saw 5 of its levels.

You collected 266 gold pieces.

Inventory:

Hand Weapons
 a - a +0 long sword
 w - the +6 flail of the Briny Deep (weapon) {flame, rPois MP+9}
   (You found it on level 4 of the Dungeon)

   It has been specially enchanted to burn those struck by it, causing extra
   injury to most foes and up to half again as much damage against particularly
   susceptible opponents.
   It protects you from poison.
   It affects your magic capacity (+9).
Missiles
 c - 4 throwing nets (quivered)
Armour
 b - a +0 hat (worn)
 y - a +0 shield (worn)
Jewellery
 g - an amulet of magic regeneration (around mantle)
 p - a cursed +3 ring of evasion (left tentacle)
 D - a +5 ring of evasion
Wands
 x - a wand of random effects (21)
Scrolls
 i - 7 scrolls of identify {unknown}
 j - a scroll of immolation {unknown}
 k - 2 scrolls of teleportation
 m - a scroll of magic mapping {unknown}
 r - a scroll of amnesia {unknown}
 s - a scroll of fog {unknown}
 t - a scroll of enchant armour {unknown}
 v - a scroll of remove curse {unknown}
 B - a scroll of enchant weapon {unknown}
Potions
 e - 2 potions of brilliance {unknown}
 f - a potion of heal wounds {unknown}
 h - 3 potions of might {unknown}
 l - 2 potions of ambrosia {unknown}
 n - 3 potions of curing {unknown}
 o - 2 potions of cancellation {unknown}
 q - 2 potions of agility {unknown}
 z - a potion of flight {unknown}
 A - a potion of lignification {unknown}
 C - a potion of resistance {unknown}
Comestibles
 d - 11 rations
 u - 6 chunks of flesh


   Skills:
 + Level 5.3 Fighting
 + Level 5.8 Long Blades
 - Level 2.0 Throwing
 + Level 5.8 Dodging
 + Level 1.7 Shields


You had 7 spell levels left.
You didn't know any spells.
Your spell library was empty.

Dungeon Overview and Level Annotations

Branches:
Dungeon (5/15)
 Temple: D:4-7

Altars:
Hepliaklqana
Nemelex Xobeh
Okawaru
Trog
Uskayaw


Innate Abilities, Weirdness & Mutations

You cannot wear most types of armour.
You are very stealthy in the water. (Stealth+)
You are amphibious.
You can wear up to eight rings at the same time.
You can use your tentacles to constrict eight enemies at once.
Your skin changes colour to match your surroundings (Stealth+).
Your rubbery body absorbs attacks. (AC +1, EV +1)


Message History

You completely miss the adder. You grab the adder.
Your surroundings suddenly seem different.
You lose your grip on the adder.
A quokka comes into view.
The quokka bites you but does no damage.
You barely miss the quokka. You grab the quokka. You squeeze the quokka.
You kill the quokka!
Okawaru accepts your kill.
You barely miss the hound. Your grab misses the hound.
You block the hound's attack. The hound misses you.
You barely miss the hound. Your grab misses the hound.
Your squeeze misses the hound. The hound bites you.
* * * LOW HITPOINT WARNING * * *
The adder barely misses you. The hound misses you.
The adder closely misses you. You block the hound's attack.
You miss the hound. Your grab misses the hound. You squeeze the hound!
The hound is severely wounded.
The adder misses you. The hound closely misses you.
You block the adder's attack. The hound bites you.
You die...

#.......# .......#
#......# ###
#......# #..
#......## #.#
##.......# #.#
#.....O..#
#.###(...hh.S##
##.##†.#####.h@#
###.h.O)## ##†.#
..h..#### ....#
.......# .h.....
#.####.....###.#.#
#.# ###.. ..#.#
..# . ..##.# .##
..# #.# (


You could see an ogre, a hound, an adder and 3 jackals.

Vanquished Creatures
  3 ogres (D:4)
  A centaur (D:5)
  A scorpion (D:4)
  A killer bee (D:4)
  A howler monkey (D:4)
  A centaur skeleton (D:4)
  A hound (D:5)
  An orc wizard (D:3)
  A bullfrog skeleton (D:4)
  Natasha (thrice) (D:2)
  2 worker ants (D:4)
  Robin (D:4)
  A gnoll (D:1)
  3 adders
  2 oozes
  2 adder zombies
  4 worms
  2 dart slugs (D:3)
  3 leopard geckos
  15 orcs
  4 giant cockroaches
  16 goblins
  7 hobgoblins
  6 jackals (D:4)
  8 quokkas
  3 ball pythons
  8 bats
  3 frilled lizards
  8 kobolds
  A quokka skeleton (D:4)
  7 rats
120 creatures vanquished.

Notes
Turn   | Place    | Note
-------+----------+-------------------------------------------
     0 | D:1      | DrKleor the Octopode Gladiator began the quest for the Orb.
     0 | D:1      | Reached XP level 1. HP: 14/14 MP: 1/1
   121 | D:1      | Reached XP level 2. HP: 17/19 MP: 2/2
   253 | D:1      | Reached XP level 3. HP: 10/25 MP: 3/3
   824 | D:2      | Found a hazy altar of Hepliaklqana.
   895 | D:2      | Reached XP level 4. HP: 30/30 MP: 4/4
  1324 | D:2      | Found a bloodstained altar of Trog.
  1358 | D:2      | Noticed Natasha
  1362 | D:2      | Killed Natasha
  1441 | D:2      | Noticed Natasha
  1448 | D:2      | Killed Natasha
  1448 | D:2      | Reached XP level 5. HP: 23/36 MP: 5/5
  1560 | D:2      | Found an iron altar of Okawaru.
  1568 | D:2      | Became a worshipper of Warmaster Okawaru
  1837 | D:2      | Noticed Natasha
  2009 | D:2      | Killed Natasha
  2594 | D:3      | Found a hide-covered altar of Uskayaw.
  2594 | D:3      | Noticed a +0 hand axe
  2595 | D:3      | Noticed a +0 hand axe
  2709 | D:3      | Reached XP level 6. HP: 43/43 MP: 6/6
  3367 | D:4      | Got a polished flail
  3368 | D:4      | Identified the +6 flail of the Briny Deep {flame, rPois
                  | MP+9} (You found it on level 4 of the Dungeon)
  3495 | D:4      | Reached * piety under Okawaru
  3495 | D:4      | Reached skill level 5 in Long Blades
  3495 | D:4      | Reached skill level 5 in Dodging
  3495 | D:4      | Reached XP level 7. HP: 49/49 MP: 7/7
  3759 | D:4      | Found a sparkling altar of Nemelex Xobeh.
  3805 | D:4      | Reached skill level 5 in Fighting
  3805 | D:4      | Reached skill level 1 in Shields
  4012 | D:4      | Noticed Robin
  4017 | D:4      | Killed Robin
  4297 | D:5      | Entered Level 5 of the Dungeon
  4346 | D:5      | Reached XP level 8. HP: 11/55 MP: 8/8
  4354 | D:5      | Slain by a hound

Skill      XL: |  1  2  3  4  5  6  7 |
---------------+----------------------+-----
Fighting       | 3 4 5 |  5.3
Long Blades    | 4 5 |  5.8
Dodging        | 4 5 |  5.8
Shields        | 1 |  1.7
Throwing       | |  2.0

Action                   |  1- 3 |  4- 6 |  7- 9 || total
-------------------------+-------+-------+-------++-------
Melee: Long sword        |    59 |    78 |       ||   137
       Constrict         |    20 |    31 |    14 ||    65
       Tentacles         |    16 |    18 |     8 ||    42
       Flail             |       |    16 |    63 ||    79
  Use: Scroll            |       |       |     1 ||     1
 Stab: Sleeping          |     4 |     4 |     2 ||    10
  Eat: Chunk             |       |     5 |     3 ||     8
       Ration            |       |     1 |       ||     1
Armor: Skin              |     8 |     5 |     1 ||    14
Dodge: Dodged            |    42 |    73 |    57 ||   172
Block: Shield            |       |       |    22 ||    22
       Rpst.: Long sword |    18 |    14 |       ||    32
